[Event "*** Titled Tuesday 3|2 Blitz"]
[Site "Chess.com"]
[Date "2015.09.01"]
[Round "3"]
[White "E-Shaposhnikov"]
[Black "jcibarra"]
[Result "0-1"]
[WhiteElo "2344"]
[BlackElo "2553"]
[TimeControl "180+2"]
[EndTime "11:34:30 PDT"]
[Termination "jcibarra won by resignation"]

1. e4 e5 2. Bc4 Nf6 3. d3 c6 4.
Nf3 d5 5. Bb3 Bd6 6. Nc3 d4 7.
Ne2 a5 8. a4 Na6 9. Ng3 Nc5 10.
Bc4 Be6 11. Bxe6 Nxe6 12. O-O g6 13. Nd2 h5 14. Ne2 h4 15. h3 Nh5 16. c3 Bc7 17. cxd4 exd4 18. Nc4 Qb8 19. Bd2 Kf8 20. Kh1 Kg7 21.
f4 Nexf4 22. Nxf4 Bxf4 23. Bxf4 Nxf4 24. Qf3 Nh5 25. Qxf7+ Kh6 26. Qe7 Qd8 27. Rf7 Qxe7 28. Rxe7 Rhf8 29. Ne5 Ng3+ 30. Kh2 Rae8 31. Ng4+ Kg5 32.
Rxb7 Nf1+ 33. Kg1 Ne3 34. Nxe3 dxe3 35. Re1 Kf4 36. Rc7 Rc8 37. Rf1+ Kg5 38. Rxc8 Rxc8 39.
Re1 Kf4 40. e5 Rd8 41. e6 Re8 42. Rf1+ Ke5 43. Rf3 Kd4 44. Kf1 Kxd3 45. Ke1 Rxe6 46. Rf4 g5 47. Rf5 Re4 48. Rc5 Rc4 0-1

[Event "*** Titled Tuesday 3|2 Blitz"]
[Site "Chess.com"]
[Date "2015.09.01"]
[Round "3"]
[White "Badouuu"]
[Black "fumeynoel"]
[Result "1-0"]
[WhiteElo "1863"]
[BlackElo "1594"]
[TimeControl "180+2"]
[EndTime "11:34:32 PDT"]
[Termination "Badouuu won by resignation"]

1. d4 d5 2. Nf3 Bf5 3. g3 Nf6 4.
Bg2 e6 5. O-O c5 6. Nbd2 Nbd7 7.
c3 Rc8 8. h3 h6 9. Qb3 b6 10. Re1 Be7 11. Qa4 a5 12. Ne5 O-O 13. Nc6 Qe8 14. Nxe7+ Qxe7 15. e4 dxe4 16. Nxe4 Nxe4 17.
Bxe4 Bxh3 18. Bf4 Nf6 19. Bf3 cxd4 20. Qxd4 Qc5 21. Qxc5 bxc5 22. Rad1 Rfd8 23. Bb7 Rxd1 24. Rxd1 Re8 25. Rd6 Re7 26. Ba6 Rd7 27. Rc6 Ng4 28. Be2 Rd5 29. c4 Rd4 30. Rxc5 e5 31. Bxe5 Re4 32.
Rc8+ Kh7 33. Bd3 f5 34. Bxe4 fxe4 35. Bd4 Nf6 36. Rc7 Kg6 37. Bxf6 Kxf6 38. c5 Ke5 39.
Rxg7 Kd5 40. Rc7 h5 41. a3 Kc4 42. c6 Kb3 43. Rb7+ Kc4 44. c7 Kd5 45. Rb8 Kc6 46.
c8=Q+ Bxc8 47. Rxc8+ 1-0

[Event "*** Titled Tuesday 3|2 Blitz"]
[Site "Chess.com"]
[Date "2015.09.01"]
[Round "3"]
[White "PowerThinking2650"]
[Black "alturas_pacificas"]
[Result "1-0"]
[WhiteElo "2089"]
[BlackElo "2013"]
[TimeControl "180+2"]
[EndTime "11:34:37 PDT"]
[Termination "PowerThinking2650 won by checkmate"]

1. e4 e5 2. Nf3 Nf6 3. Nc3 Nc6 4. d4 exd4 5. Nxd4 Bb4 6. Nxc6 bxc6 7. Bd3 d5 8. exd5 cxd5 9. Qe2+ Qe7 10. Bb5+ Bd7 11. Bxd7+ Nxd7 12. Qxe7+ Kxe7 13. Bd2 Nb6 14. O-O-O Rhe8 15. a3 Bxc3 16. Bxc3 f6 17. b3 c6 18. a4 Kf7 19. Rd2 Re6 20. a5 Nd7 21. h4 Rae8 22. Rd3 a6 23. h5 Nc5 24. Rf3 Re2 25. h6 Ne4 26. hxg7 Kxg7 27. Rh4 Re6 28. Rfh3 Ng5 29. Rg3 Kf7 30. f4 R2e4 31. Rgg4 h5 32. Rxh5 d4 33. Bd2 Ke8 34. Rhh4 Nf7 35. f5 Rxg4 36. Rxg4 Re5 37.
Rg8+ Kd7 38. g4 Re2 39. Ra8 Ne5 40. Rxa6 Nxg4 41. Ra7+ Kd6 42. a6 Ne3 43. Ra8 Nd5 44. a7 Re7 45. Rd8+ Ke5 46. a8=Q Kxf5 47. Rxd5+ cxd5 48. Qxd5+ Re5 49. Qxd4 Ke6 50. b4 f5 51. Bf4 Re4 52.
Qd6+ Kf7 53. Bg5 Re6 54. Qd7+ Kf8 55. Qxe6 f4 56. Bh6# 1-0

[Event "*** Titled Tuesday 3|2 Blitz"]
[Site "Chess.com"]
[Date "2015.09.01"]
[Round "3"]
[White "AnthonyWirig"]
[Black "Imre91"]
[Result "1-0"]
[WhiteElo "2520"]
[BlackElo "2592"]
[TimeControl "180+2"]
[EndTime "11:35:13 PDT"]
[Termination "AnthonyWirig won by resignation"]

1. d4 d5 2. c4 c6 3. Nf3 Nf6 4. Qc2 g6 5. g3 Bg7 6. Bg2 O-O 7. O-O Bf5 8. Qb3 Qb6 9. Nc3 dxc4 10. Qxc4 Nbd7 11.
e3 Rac8 12. h3 Ne4 13. Nh4 Nd6 14. Qe2 Be6 15. Rd1 Bc4 16. Qc2 Rfd8 17. Nf3 Ba6 18. e4 e6 19. Bg5 Re8 20. e5 Nf5 21. g4 Ne7 22. Ne4 h6 23. Bxe7 Rxe7 24. Nd6 Rf8 25. Rac1 Qa5 26. a3 Nb6 27. b4 Qa4 28. Qxa4 Nxa4 29.
Rd2 Rd7 30. Ne4 Rfd8 31. Bf1 Bxf1 32. Kxf1 Nb6 33. Nc5 Re7 34. Kg2 Nd5 35. Kg3 f6 36. Re1 f5 37. gxf5 gxf5 38. Nh4 Kf7 39. Kf3 Nb6 40.
Rd3 Nc4 41. Rc1 b5 42. Ke2 a5 43. bxa5 Nxa5 44. Nf3 Ra8 45. a4 Nc4 46. axb5 cxb5 47. Rb1 Ra2+ 48. Kf1 Na3 49. Rbb3 Ra7 50. Kg2 Bf8 51.
Rdc3 Be7 52. Nd3 Ra1 53. Nf4 Bg5 54. Nd3 Be7 55. Rc6 Nc4 56. Rxb5 Na5 57. Rc1 Ra4 58.
Nc5 Ra2 59. Rb6 Bxc5 60. dxc5 Rc7 61. c6 Ra4 62. Rc5 Ra3 63. Ra6 Nb3 64. Rxa3 Nxc5 65. Rc3 Ne4 66. Rc2 Ke8 67. Nd4 Ng5 68. Nb5 1-0

[Event "*** Titled Tuesday 3|2 Blitz"]
[Site "Chess.com"]
[Date "2015.09.01"]
[Round "3"]
[White "rhungaski"]
[Black "FairChess_on_YouTube"]
[Result "1/2-1/2"]
[WhiteElo "2470"]
[BlackElo "2718"]
[TimeControl "180+2"]
[EndTime "11:35:15 PDT"]
[Termination "Game drawn by stalemate"]

1. Nf3 c5 2. c4 Nf6 3. g3 Nc6 4. Bg2 d5 5. cxd5 Nxd5 6. Nc3 Nc7 7. d3 e5 8. O-O Be7 9. Nd2 O-O 10. Bxc6 bxc6 11.
Nc4 f6 12. Be3 Bh3 13. Re1 Nd5 14. Qa4 Nxc3 15. bxc3 Qd5 16. f3 f5 17. Na5 Rac8 18.
Qb3 Kh8 19. Rab1 e4 20. dxe4 fxe4 21. Qxd5 cxd5 22. fxe4 d4 23. cxd4 cxd4 24. Bxd4 Rc2 25. Bf2 h5 26. Rb7 Bg5 27. Rb5 Bh6 28. Rxh5 Bg4 29.
Rh4 Bxe2 30. Be3 Bf3 31. Bxh6 gxh6 32. Rf4 Rxf4 33. gxf4 Rxa2 34. Nc4 Rg2+ 35. Kf1 Rxh2 36. Nd6 Rh1+ 37. Kf2 Rxe1 38. Kxe1 a5 39. Kd2 h5 40. Ke3 a4 41. Nc4 Bg4 42. f5 h4 43. Kf4 h3 44. Kg3 Kg7 45. Na3 Kf7 46. Nc4 Kf6 47. Kh2 Be2 48. Na3 Bf1 49. Kg1 Bg2 50. Kh2 Bxe4 51. Kxh3 Kxf5 52. Kg3 Ke5 53. Kf2 Kd4 54. Ke2 Kc3 55. Kd1 Kb3 56. Nb5 Bd3 57. Kc1 Bh7 58. Nd4+ Ka2 59. Nb5 Kb3 60. Nd4+ Kc3 61. Nb5+ Kb4 62. Kb2 Kxb5 63. Ka1 a3 64. Ka2 Kb4 65.
Ka1 Kb3 1/2-1/2

[Event "*** Titled Tuesday 3|2 Blitz"]
[Site "Chess.com"]
[Date "2015.09.01"]
[Round "3"]
[White "zmaj23"]
[Black "MMSANCHEZ"]
[Result "0-1"]
[WhiteElo "2383"]
[BlackElo "2291"]
[TimeControl "180+2"]
[EndTime "11:35:15 PDT"]
[Termination "MMSANCHEZ won by resignation"]

1. e4 d5 2. exd5 Qxd5 3. Nc3 Qd6 4. Nf3 Nf6 5. d4 c6 6. g3 Bg4 7. Bg2 Nbd7 8. O-O e6 9. h3 Bxf3 10. Bxf3 Qc7 11. Re1 Bd6 12. Kg2 O-O 13. Bg5 h6 14.
Be3 e5 15. d5 Rfd8 16. dxc6 bxc6 17. Qe2 Nb6 18. Ne4 Be7 19. Rad1 Nbd5 20. Bc1 Rab8 21. c4 Nb6 22. Nxf6+ Bxf6 23. Qe4 Rbc8 24. h4 Qe7 25. b3 c5 26. Bb2 Re8 27. g4 Bxh4 28. Bxe5 Qg5 29. Qf4 Qxf4 30. Bxf4 Bf6 31. Rxe8+ Rxe8 32. Be3 Rc8 33. Be4 Kf8 34. Bf5 Rc7 35. Bf4 Rb7 36. Bd6+ Be7 37. Bg3 g6 38. Be4 Rd7 39. Rxd7 Nxd7 40.
Bc6 Nb6 41. a4 Nc8 42. Kf3 Nd6 43. Ke3 f6 44. Kd3 f5 45. f3 fxg4 46. fxg4 Kf7 47.
Kc3 h5 48. gxh5 gxh5 49. b4 cxb4+ 50. Kb3 a5 51. Bf3 Kg6 52. Bf2 Nf5 53. Bb6 h4 54. Bxa5 Nd4+ 55. Kb2 Nxf3 56. Bc7 Nd4 57. a5 Nc6 58. a6 h3 59. Kb3 Kf7 60. Ka4 Ke6 61. Bh2 Kd7 62. Kb3 Bd6 63. Bg1 Kc7 64. a7 Nxa7 65.
Ka4 Nc6 66. Kb3 h2 67. Bxh2 Bxh2 68. c5 Bg1 69. Kc4 Bxc5 0-1

[Event "*** Titled Tuesday 3|2 Blitz"]
[Site "Chess.com"]
[Date "2015.09.01"]
[Round "3"]
[White "stepanosinovsky"]
[Black "Tesla17"]
[Result "1-0"]
[WhiteElo "2274"]
[BlackElo "2122"]
[TimeControl "180+2"]
[EndTime "11:35:19 PDT"]
[Termination "stepanosinovsky won by resignation"]

1. Nf3 c5 2. g3 Nc6 3. Bg2 g6 4. O-O Bg7 5. d3 d6 6. e4 e6 7. c3 Nge7 8. d4 O-O 9. Re1 b6 10. Na3 Ba6 11. Nc2 cxd4 12. cxd4 d5 13. e5 Qd7 14. h4 Rfc8 15. h5 Na5 16. Bg5 Rc7 17. b3 Rac8 18. Ne3 Nac6 19. hxg6 hxg6 20. Ng4 Kf8 21.
Qd2 Ng8 22. Qf4 Ke8 23. Nh4 Nb4 24. Red1 Rc2 25. Ne3 Nd3 26. Rxd3 Bxd3 27. Nxc2 Rxc2 28. Nf3 Rc3 29. Ne1 Ba6 30. Rc1 Qc6 31. Rxc3 Qxc3 32. Qd2 Qxd2 33. Bxd2 Ne7 34. g4 Be2 35. f3 Nc6 36.
Bc3 f6 37. Kf2 Ba6 38. exf6 Bxf6 39. Ke3 g5 40. Nd3 Kd7 41. Bf1 Kd6 42. Be2 Bxd3 43.
Kxd3 e5 44. dxe5+ Bxe5 45. Bd2 Bf6 46. f4 gxf4 47. Bxf4+ Kc5 48. g5 Bg7 49. a3 a5 50.
Be3+ d4 51. Bf4 b5 52. Ke4 a4 53. b4+ Nxb4 54. axb4+ Kxb4 55. Bd6+ Kb3 56. Bxb5 a3 57. Be8 Kb2 58. Bf7 a2 59. Bxa2 Kxa2 60. Be7 Kb3 61.
Bf6 Bf8 62. Kxd4 Kb4 63. Kd5 Kb5 64. g6 Bh6 65. Ke6 Kc6 66. Kf7 Kd7 67. Bg7 Bd2 68. Bf8 Bc3 69. Bc5 Bb2 70. Be3 Be5 71.
Bg5 1-0

[Event "*** Titled Tuesday 3|2 Blitz"]
[Site "Chess.com"]
[Date "2015.09.01"]
[Round "3"]
[White "Storne89"]
[Black "AleksandrNevski"]
[Result "1-0"]
[WhiteElo "2461"]
[BlackElo "2303"]
[TimeControl "180+2"]
[EndTime "11:35:25 PDT"]
[Termination "Storne89 won by resignation"]

1. e4 e5 2. Nf3 Nc6 3. Bb5 a6 4. Ba4 Nf6 5. d3 d6 6. c3 g6 7. O-O Bg7 8. Nbd2 O-O 9. Re1 b5 10. Bc2 Bb7 11. Nf1 Re8 12. h3 Nb8 13. a4 Nbd7 14.
b4 c5 15. Ng3 Qc7 16. Bd2 Nb6 17. a5 Nbd7 18. Bb3 d5 19. exd5 Bxd5 20. Bxd5 Nxd5 21.
Rc1 c4 22. dxc4 Qxc4 23. Ne4 Qc6 24. Be3 Rad8 25. Qb3 Nxe3 26. Rxe3 h6 27. Rce1 Rc8 28.
Rd1 Re6 29. Red3 Qxe4 30. Rxd7 Qc4 31. Qb1 e4 32. Nd4 Ree8 33. Nc2 Qxc3 34. Ne3 Qc6 35. R7d6 Qb7 36. Qb3 Rc7 37. Rxg6 Rd7 38. Rgd6 Rxd6 39.
Rxd6 Kh7 40. Nf5 Be5 41. Rxh6+ Kg8 42. Qe3 Kf8 43. Qc5+ Kg8 44. Rc6 Qd7 45. Ne3 Bd4 46.
Qg5+ Kf8 47. Rh6 Rc8 48. g3 Qd8 49. Qf4 Bxe3 50. Rh8+ Kg7 51. Rxd8 Rc1+ 52. Kg2 Bxf4 53.
gxf4 Rb1 54. Rd6 Rxb4 55. Rxa6 Ra4 56. Ra7 b4 57. a6 b3 58. Rb7 Rxa6 59. Rxb3 Rg6+ 60.
Rg3 Kf6 61. Rxg6+ fxg6 62. Kg3 g5 63. Kg4 1-0

[Event "*** Titled Tuesday 3|2 Blitz"]
[Site "Chess.com"]
[Date "2015.09.01"]
[Round "3"]
[White "manubibi"]
[Black "Kempsy"]
[Result "1/2-1/2"]
[WhiteElo "2420"]
[BlackElo "2517"]
[TimeControl "180+2"]
[EndTime "11:35:32 PDT"]
[Termination "Game drawn by repetition"]

1. e4 c5 2. Nf3 e6 3. d4 cxd4 4. Nxd4 Nc6 5. Nc3 Qc7 6. Be2 Nf6 7. O-O Be7 8. Kh1 O-O 9. f4 d6 10. Be3 Nxd4 11. Bxd4 e5 12. Be3 exf4 13. Bxf4 Be6 14. Bd3 Nd7 15. Nd5 Bxd5 16. exd5 Bf6 17. c3 Be5 18.
Bg5 g6 19. Qg4 Bg7 20. Qg3 Ne5 21. Bc2 Rae8 22. Ba4 Rc8 23. Bb3 a6 24. h3 Rce8 25. Bf6 Nd7 26. Bd4 Re7 27. Rae1 Rfe8 28. Rxe7 Rxe7 29.
Qf4 Be5 30. Qg5 f6 31. Qg4 Qd8 32. Ba4 b5 33. Bc2 Qe8 34. h4 Bxd4 35. cxd4 Re1 36. Rxe1 Qxe1+ 37. Kh2 Nf8 38. h5 Kg7 39. Qf4 gxh5 40.
Bf5 Qe7 41. Qg3+ Ng6 42. Qc3 h4 43. Be6 Qa7 44. Qb4 Qb6 45. a4 Qb8 46. axb5 axb5 47.
Qa5 b4 48. Qa6 Qc7 49. Qc6 Qd8 50. Qb7+ Kh6 51. Qxb4 f5 52. Qd2+ f4 53. b4 Qg5 54.
Qf2 Qd8 55. Bf5 Kg5 56. Bd3 Qb6 57. b5 Qa5 58. Bxg6 hxg6 59. Qe2 Qc3 60. Qe7+ Kh5 61. Qh7+ Kg5 62. Qe7+ Kh5 63. Qf6 Qg3+ 64. Kg1 Qe1+ 65. Kh2 Qg3+ 66. Kg1 Qe3+ 67. Kh2 Qg3+ 68. Kg1 Qe1+ 69.
Kh2 Qg3+ 70. Kg1 1/2-1/2

[Event "*** Titled Tuesday 3|2 Blitz"]
[Site "Chess.com"]
[Date "2015.09.01"]
[Round "3"]
[White "Haridaskesavan"]
[Black "AnastasiaProtopopova"]
[Result "1-0"]
[WhiteElo "2003"]
[BlackElo "1776"]
[TimeControl "180+2"]
[EndTime "11:35:50 PDT"]
[Termination "Haridaskesavan won by resignation"]

1. e4 e5 2. Nf3 Nc6 3. Bc4 Nf6 4. d3 Bc5 5. O-O O-O 6. Nbd2 d5 7. exd5 Nxd5 8. Re1 Bg4 9. h3 Bh5 10. Ne4 Be7 11.
Ng3 Bxf3 12. Qxf3 Nb6 13. Bb3 Bf6 14. Nf5 Rb8 15. Be3 Na5 16. Rad1 Nxb3 17. axb3 Re8 18. c3 Qd7 19. Qg4 Kh8 20. Bxb6 axb6 21. Ne3 Qb5 22. b4 Rbd8 23. Qe4 c6 24. Ng4 Rd6 25. d4 Rde6 26. dxe5 Bg5 27. f4 Bd8 28. Qd3 Bh4 29.
Qxb5 cxb5 30. Re2 h5 31. Ne3 f6 32. Nf5 g5 33. g3 fxe5 34. gxh4 gxf4 35. Rd7 e4 36.
Nd4 Rg6+ 37. Kf1 e3 38. Nf3 Rg3 39. Ng5 f3 40. Nxf3 Rxf3+ 41. Kg2 Rf5 42. Rd3 Rg8+ 43. Kh2 Rf2+ 44. Rxf2 exf2 45. Rf3 Re8 46. Rxf2 Re4 47. Kg3 Kg7 48. Rf5 Re3+ 49. Kg2 Re2+ 50. Kf3 Rxb2 51. Rxb5 Rb3 52. Rxb6 Rxc3+ 53. Kf4 Rxh3 54. Rxb7+ Kg6 55.
Rb6+ Kg7 56. Kg5 Rg3+ 57. Kxh5 Rc3 58. Rb7+ Kg8 59. b5 Rc5+ 60. Kg4 Rc4+ 61. Kg5 Rc5+ 62.
Kf6 Rh5 63. Kg6 1-0

[Event "*** Titled Tuesday 3|2 Blitz"]
[Site "Chess.com"]
[Date "2015.09.01"]
[Round "3"]
[White "BakaPG"]
[Black "kikydu96"]
[Result "1/2-1/2"]
[WhiteElo "2443"]
[BlackElo "2175"]
[TimeControl "180+2"]
[EndTime "11:35:53 PDT"]
[Termination "Game drawn by stalemate"]

1. e4 e5 2. Nf3 Nc6 3. Bb5 a6 4.
Ba4 Nf6 5. O-O Be7 6. Re1 b5 7. Bb3 O-O 8. a4 b4 9. d3 d6 10. a5 Rb8 11. Bc4 Na7 12. Bg5 Nb5 13. Nbd2 c5 14.
h3 h6 15. Bxf6 Bxf6 16. Nf1 Be6 17. Ne3 Nd4 18. Nd5 Nxf3+ 19. Qxf3 Bg5 20. Qg3 Kh7 21.
Rf1 f5 22. f4 Bxd5 23. fxg5 Bxc4 24. g6+ Kh8 25. dxc4 f4 26. Qg4 Qc8 27. Qh5 Qb7 28. Qf3 Rf6 29. Rfd1 Rxg6 30. Rd5 Qf7 31. Rad1 Rg3 32.
Qf2 Qh5 33. Rxd6 Qxh3 34. R1d3 Rf8 35. Rxg3 Qxg3 36. Qxg3 fxg3 37. Rxa6 Rf2 38. Rg6 Rxc2 39. Rxg3 Rxb2 40. Rg6 Ra2 41. a6 b3 42. Rb6 b2 43.
Kh2 Rxa6 44. Rxb2 Ra4 45. Rb8+ Kh7 46. Re8 Rxc4 47. Rxe5 Kg6 48. Kg3 Kf6 49. Rf5+ Ke6 50. Kf4 g5+ 51. Kf3 Rc3+ 52. Kf2 c4 53. Rc5 Rc2+ 54. Kf3 c3 55. Rc6+ Ke5 56. Rxh6 Rd2 57. Rc6 c2 58. g3 Kd4 59. Kg4 Kxe4 60. Kxg5 Kd3 61. g4 Rd1 62. Kf6 c1=Q 63. Rxc1 Rxc1 64.
g5 Ke4 65. g6 Rc6+ 66. Kf7 Kf5 67. g7 Rc7+ 68. Kg8 Kg6 69. Kh8 Rxg7 1/2-1/2

[Event "*** Titled Tuesday 3|2 Blitz"]
[Site "Chess.com"]
[Date "2015.09.01"]
[Round "3"]
[White "bugsbunny444"]
[Black "Janosik"]
[Result "0-1"]
[WhiteElo "2293"]
[BlackElo "2516"]
[TimeControl "180+2"]
[EndTime "11:36:29 PDT"]
[Termination "Janosik won by resignation"]

1. Nf3 d5 2. c4 e6 3. g3 dxc4 4. Qc2 c5 5. Na3 b6 6. Bg2 Bb7 7. Nxc4 Nf6 8. O-O Be7 9. b3 O-O 10. Bb2 Nc6 11. Ng5 g6 12. Nf3 Rc8 13. Rac1 Qc7 14.
Qb1 Rfd8 15. Qa1 Ne8 16. Rfd1 Qb8 17. d4 b5 18. Ne3 cxd4 19. Nxd4 Nxd4 20. Bxd4 Rxc1 21.
Rxc1 Bxg2 22. Kxg2 Qb7+ 23. f3 h5 24. Qb2 a6 25.
Bc5 Bf6 26. Qc2 Rc8 27. b4 Bd4 28. Qd3 Bxc5 29. bxc5 Qc7 30. a4 Rd8 31. Qb3 Qc6 32.
axb5 axb5 33. Kf2 Nc7 34. Rc3 Rd4 35. Nc2 Ra4 36. Nb4 Qa8 37. Rd3 Qf8 38. Qc3 e5 39. Rd6 Ne6 40. Nd5 Rd4 41. Qe3 Qg7 42. Ne7+ Kh7 43.
Nc6 Rc4 44. Nxe5 Rxc5 45. f4 Rc2 46. Rd7 Rc7 47. Rxc7 Nxc7 48. Qc5 f6 49. Nf3 Qd7 50. Kg2 Ne6 51. Qb4 Ng7 52. e4 Qc6 53. Kf2 Ne6 54.
Nd4 Qb6 55. Ke3 Kh6 56. Kd3 Nc5+ 57. Ke3 Ne6 58. Kd3 Nc5+ 59. Ke3 Nd7 60. Qxb5 Qc7 61. Qa4 Qc3+ 62. Kf2 Nc5 63. Qd1 Nd3+ 64. Ke2 Nb2 65.
Qd2 Qc4+ 66. Kf3 Nd3 67. Ke3 Nc5 68. Qe2 Qc3+ 69. Kf2 Qxd4+ 70. Kf3 Qc3+ 71. Kg2 Qd3 72. Qxd3 Nxd3 73. h3 h4 74. gxh4 Nxf4+ 75. Kg3 Nd3 76. Kg4 Ne5+ 77. Kf4 Kh5 78. Kg3 Nc4 0-1

[Event "*** Titled Tuesday 3|2 Blitz"]
[Site "Chess.com"]
[Date "2015.09.01"]
[Round "3"]
[White "Aygehovit1992"]
[Black "oggy1984"]
[Result "1/2-1/2"]
[WhiteElo "2345"]
[BlackElo "2407"]
[TimeControl "180+2"]
[EndTime "11:36:55 PDT"]
[Termination "Game drawn - insufficient material"]

1. e4 e6 2. d4 d5 3. Nc3 Bb4 4. e5 c5 5. a3 Bxc3+ 6. bxc3 Ne7 7. Qg4 Qc7 8. Qxg7 Rg8 9. Qxh7 cxd4 10. Ne2 Nbc6 11. f4 dxc3 12. Qd3 d4 13. Nxd4 Nxd4 14. Qxd4 Bd7 15. Rg1 Rh8 16. h3 Nf5 17. Qf2 Qa5 18.
Rb1 Bc6 19. Bd3 O-O-O 20. Rb4 Kb8 21. g4 Nh4 22. Rg3 Qd5 23. Be3 b6 24. Bxb6 axb6 25.
Qxb6+ Bb7 26. Kf2 Rd7 27. Qb5 Qxb5 28. Rxb5 Rd5 29. Rb3 Ng6 30. Ba6 Rd2+ 31. Ke3 Rd7 32. Bxb7 Rxb7 33. Rxb7+ Kxb7 34. f5 exf5 35. gxf5 Nxe5 36.
Kd4 Nc6+ 37. Kxc3 Rh4 38. Rf3 Kb6 39. Kd2 Kc5 40. Ke3 Kd5 41. Kf2 Ke5 42. Kg3 Rc4 43.
c3 Ra4 44. h4 Kf6 45. h5 Rxa3 46. h6 Ne5 47. h7 Kg7 48. Re3 Nc4 49. Re7 Rxc3+ 50.
Kf4 Rh3 51. Rc7 Nd6 52. Ke5 Ne8 53. Rc8 Nf6 54. h8=Q+ Rxh8 55. Rxh8 Ng4+ 56. Kf4 Kxh8 57. Kxg4 f6 58. Kf4 Kh7 59. Ke4 Kh6 60. Kf4 Kh5 61.
Kg3 Kg5 62. Kf2 Kf4 63. Kg2 Kg4 64. Kf2 Kg5 65. Kg2 Kf4 66. Kf2 Ke5 67. Ke3 Kxf5 68. Kf3 Kg5 69. Kg3 f5 70. Kf3 f4 71. Kf2 Kg4 72.
Kg2 f3+ 73. Kf2 Kf4 74. Kf1 Kf5 75. Kf2 Ke4 76. Kf1 Kf4 77. Kf2 Kg4 78. Kf1 Kg3 79. Kg1 f2+ 80. Kf1 Kh2 81. Kxf2 1/2-1/2

[Event "*** Titled Tuesday 3|2 Blitz"]
[Site "Chess.com"]
[Date "2015.09.01"]
[Round "3"]
[White "AlexanderL"]
[Black "Ar4uha"]
[Result "1/2-1/2"]
[WhiteElo "2530"]
[BlackElo "2401"]
[TimeControl "180+2"]
[EndTime "11:37:47 PDT"]
[Termination "Game drawn by agreement"]

1. d4 Nf6 2. c4 e6 3. Nc3 c5 4. d5 exd5 5. cxd5 d6 6. Nf3 g6 7. h3 a6 8. a4 Bg7 9. Bf4 O-O 10. e3 Qe7 11. Nd2 Nbd7 12. Nc4 Ne8 13. a5 Ne5 14. Nb6 Rb8 15. Be2 Nc7 16. O-O Bd7 17. Qb3 Na8 18. Nc4 b5 19. axb6 Nxc4 20. Qxc4 Bb5 21. Nxb5 axb5 22.
Qxb5 Rxb6 23. Qa5 Rxb2 24. Qxa8 Rxe2 25. Ra7 Rxa8 26. Rxe7 Bf8 27. Rd7 Rd2 28. e4 Rd4 29. f3 f5 30. Bxd6 Bxd6 31. Rxd6 fxe4 32. fxe4 Rxe4 33.
Rd7 Re2 34. Rb1 Rf8 35. Rbb7 Rff2 36. Rd8+ Rf8 37. Rdd7 Rff2 38. Rd8+ Rf8 39. Rxf8+ Kxf8 40. Rc7 Rc2 41. Rxh7 Rd2 42. Rd7 c4 43. Rc7 Rxd5 44. Rxc4 Kg7 45. Kh2 Rd3 46. Rg4 Kf6 47. Rg3 Rd1 48.
Rf3+ Kg7 49. Kg3 Rd4 50. Rf4 Rd3+ 51. Kg4 Rd2 52. g3 Rd5 53. Ra4 Rb5 54. Kh4 Rh5+ 55. Kg4 Rb5 56. Ra3 Rb4+ 57. Kf3 Rb1 58. Kg2 Rb2+ 59.
Kf3 Rb1 60. h4 Rb4 61. Kg2 Kh6 62. Ra5 Rb2+ 63. Kh3 Rb1 64. Ra6 Rb4 65. Ra3 Rb1 66. Re3 Ra1 67. Rf3 Kg7 68. Kg4 Ra4+ 69. Rf4 Ra5 70.
Re4 Kh6 71. Kf4 Rf5+ 72. Ke3 Ra5 73. Kf3 Ra3+ 74. Kg4 Ra5 75. Rf4 Rb5 76. Rf3 Rb4+ 77. Kh3 Rb1 78. Rf2 Rh1+ 79. Kg2 Rb1 80. g4 Rb4 81.
Kg3 Rb3+ 82. Rf3 Rb1 83. Kg2 Rb2+ 84. Kh3 Rb1 85. Kh2 Rb2+ 86. Kg3 Rb1 87. Kg2 Rb2+ 88. Kg1 Rb1+ 89. Kf2 Rb2+ 90. Kg3 Rb1 91. Re3 Rg1+ 92. Kf4 Rf1+ 93. Rf3 Rh1 94. Kg3 Rg1+ 95. Kf4 Rh1 96. Ra3 Rf1+ 97. Kg3 Rg1+ 98. Kf3 Rf1+ 99. Kg2 Rb1 100.
Ra7 Rb2+ 101. Kg3 Rb3+ 102. Kf2 Rb2+ 103. Kf3 Rb3+ 104. Kf2 Rb2+ 105. Ke3 Rb3+ 106. Kd2 Rb4 107. g5+ Kh5 108. Rh7+ Kg4 109. Rh6 Kf5 110. h5 Kxg5 111. Rxg6+ Kxh5 1/2-1/2

[Event "*** Titled Tuesday 3|2 Blitz"]
[Site "Chess.com"]
[Date "2015.09.01"]
[Round "3"]
[White "LADIESGET2KNOWME"]
[Black "Thomaslegend"]
[Result "1/2-1/2"]
[WhiteElo "2236"]
[BlackElo "2136"]
[TimeControl "180+2"]
[EndTime "11:39:51 PDT"]
[Termination "Game drawn by 50-move rule"]

1. e4 c5 2. Nf3 d6 3. c3 Nf6 4.
Bc4 Nc6 5. Qe2 e5 6. h3 h6 7.
O-O Be7 8. Rd1 a6 9. a4 O-O 10. d4 Qc7 11. Na3 b6 12. Be3 Bb7 13. Rac1 Na5 14. Ba2 Bxe4 15. b4 Nb7 16. a5 b5 17.
bxc5 dxc5 18. Nxe5 Nxa5 19. Bf4 Qb7 20. f3 Bd5 21. c4 bxc4 22. Naxc4 Nxc4 23. Bxc4 Bxc4 24. Qxc4 cxd4 25. Qxd4 Rad8 26. Qc4 Rc8 27. Qa2 Rxc1 28. Rxc1 Nd5 29. Bg3 Bf6 30. Nc6 Ne3 31. Bf2 Nf5 32. Qc2 Ne7 33. Na5 Qb2 34. Qxb2 Bxb2 35. Rc7 Nd5 36. Ra7 Bc3 37. Nc6 Nb4 38. Nxb4 Bxb4 39. Rxa6 Be7 40. Bd4 Kh7 41. Ra7 Bf6 42. Bxf6 gxf6 43.
g4 Kg7 44. Kg2 Rb8 45. Kg3 Rb4 46. Rd7 Ra4 47. Rd2 Rb4 48. Re2 Ra4 49. h4 Rb4 50. h5 Ra4 51. Re4 Ra5 52. Kf4 Rb5 53. Rc4 Ra5 54.
Ke4 Rb5 55. Rd4 Ra5 56. Rd5 Ra3 57. f4 Ra6 58. Kf5 Re6 59. Rb5 Ra6 60. Ke4 Re6+ 61. Kf3 Ra6 62. Ke4 Re6+ 63. Kf5 Ra6 64. Rc5 Re6 65.
g5 fxg5 66. fxg5 hxg5 67. Kxg5 Rh6 68. Rf5 Ra6 69. Rb5 Re6 70. Rd5 Ra6 71. Kf5 Rh6 72. Kg4 Ra6 73. Rg5+ Kh7 74. Kf5 Re6 75. Rg1 Ra6 76.
Kg5 Re6 77. Ra1 Rb6 78. Ra5 Kg7 79. Rf5 Ra6 80. Kf4 Ra4+ 81. Kg5 Ra6 82. Rb5 Rc6 83. Rb7 Rc5+ 84. Kg4 Rc4+ 85. Kf5 Rc5+ 86. Kg4 Rc4+ 87. Kg3 Rc3+ 88. Kf4 Rc4+ 89. Kg5 Rc5+ 90.
Kg4 Rc4+ 91. Kg3 Rc3+ 92. Kg2 Rc5 93. h6+ Kxh6 94. Rxf7 Rc2+ 95. Kf3 Rc3+ 96. Kf4 Kg6 97. Rf8 Rc4+ 98. Ke5 Rc5+ 99. Kd6 Rc1 100. Rf2 Rd1+ 101. Ke5 Re1+ 102. Kf4 Re8 103. Rg2+ Kf7 104. Ra2 Rb8 105. Ra7+ Ke6 106. Ra6+ Kd5 107. Kf5 Rf8+ 108. Kg6 Rd8 109. Ra5+ Kc6 110. Ra6+ Kc7 111. Ra7+ Kb6 112. Ra1 Rd6+ 113. Kf5 Rd5+ 114. Kf6 Rd6+ 115. Ke5 Rh6 116. Kd5 Rh5+ 117. Kc4 Rh4+ 118. Kd5 Rh5+ 119. Kd6 Rh6+ 120. Kd7 Rh7+ 121. Ke8 Rh8+ 122. Kf7 Rh7+ 123. Kg6 Rc7 124. Rb1+ Kc6 125. Kf6 Rd7 126. Ke6 Rd6+ 127. Ke5 Rd5+ 128. Ke4 Rd8 129. Rc1+ Kd7 130. Ke5 Re8+ 131. Kd5 Rh8 132. Rg1 Rh5+ 133. Ke4 Rh4+ 134. Kf5 Kd6 135. Rd1+ Kc5 136. Rg1 Rh5+ 137. Kg6 Rh8 138. Kg7 Ra8 139. Rg5+ Kd6 140. Kf6 Rf8+ 141. Kg7 Ra8 142. Rg6+ Ke5 143. Rg5+ Kd6 144. Rb5 Ra7+ 145. Kf6 Kc6 146. Rb2 Ra1 147. Ke6 Re1+ 148. Kf5 Rf1+ 149. Ke4 Re1+ 150. Kd4 Rd1+ 151. Kc3 Rc1+ 152. Kb4 Rh1 153. Rc2+ Kd5 154. Rg2 Rb1+ 155. Kc3 Rc1+ 156. Kd2 Ra1 157. Rg5+ Ke4 158. Rg4+ Kd5 159. Rb4 Ra2+ 160. Kc3 1/2-1/2

[Event "*** Titled Tuesday 3|2 Blitz"]
[Site "Chess.com"]
[Date "2015.09.01"]
[Round "4"]
[White "myaccount88"]
[Black "AlexCn1"]
[Result "1-0"]
[WhiteElo "2152"]
[BlackElo "2167"]
[TimeControl "180+2"]
[EndTime "11:41:16 PDT"]
[Termination "myaccount88 won by resignation"]

1. e4 e5 2. Nf3 Nc6 3. d4 exd4 4. Nxd4 Nf6 5. Nc3 d6 6. Be2 Be7 7. O-O O-O 8. a4 Nd7 9. f4 f6 10. Ne6 Qe8 11. Nxc7 1-0

[Event "*** Titled Tuesday 3|2 Blitz"]
[Site "Chess.com"]
[Date "2015.09.01"]
[Round "4"]
[White "MMSANCHEZ"]
[Black "AlexanderL"]
[Result "1-0"]
[WhiteElo "2304"]
[BlackElo "2507"]
[TimeControl "180+2"]
[EndTime "11:42:44 PDT"]
[Termination "MMSANCHEZ won by resignation"]

1. d4 e6 2. c4 b6 3. Nc3 Bb7 4. Nf3 Bb4 5. Bd2 f5 6. e3 Nf6 7. Bd3 O-O 8. O-O Qe7 9. a3 Bxc3 10. Bxc3 Ne4 11. Qc2 d6 12. Nd2 Nxd2 13. Qxd2 Nd7 14.
Rfe1 c5 15. f3 Rae8 16. e4 cxd4 17. Bxd4 f4 18. b4 e5 19. Bf2 Rf6 20. Red1 g5 21.
c5 bxc5 22. Bc4+ Kg7 23. bxc5 Nxc5 24. Bxc5 d5 25. Bxe7 1-0

[Event "*** Titled Tuesday 3|2 Blitz"]
[Site "Chess.com"]
[Date "2015.09.01"]
[Round "4"]
[White "WanderingPuppet"]
[Black "Colombiano07"]
[Result "1-0"]
[WhiteElo "2165"]
[BlackElo "1976"]
[TimeControl "180+2"]
[EndTime "11:43:09 PDT"]
[Termination "WanderingPuppet won by resignation"]

1. e4 e6 2. d4 d5 3. Nc3 Nf6 4. Bg5 dxe4 5. Nxe4 Be7 6. Bxf6 gxf6 7.
Nf3 f5 8. Nc3 a6 9. Qd2 c5 10.
O-O-O Nc6 11. d5 Nb4 12. dxe6 Qxd2+ 13. Rxd2 fxe6 14. a3 Nc6 15. Bd3 Bd7 16. Re1 O-O-O 17. Rde2 Bf6 18. Na4 Nd4 19. Nxd4 cxd4 20. Nb6+ Kc7 21.
Nxd7 Kxd7 22. Rxe6 Rhe8 23. Bxf5 Rxe6 24. Rxe6 Be7 25.
Rh6+ Kc7 26. Rxh7 Kd6 27. Kd1 b5 28. f3 a5 29. Rh6+ Ke5 30. Be4 b4 31. Rh5+ Kf4 32.
Ke2 1-0